 Dungeon Crawl Stone Soup version 0.21-a0-52-gbf49515 (webtiles) character file.

7930 Ijustatesigmund the Skirmisher (level 11, 0/82 HPs)
             Began as an Octopode Wizard on June 13, 2017.
             Was a Believer of Cheibriados.
             Slain by KristoblXynda's ghost (2 damage)
             ... on level 9 of the Dungeon.
             The game lasted 00:48:29 (16669 turns).

Ijustatesigmund the Skirmisher (Octopode Wizard)   Turns: 16669, Time: 00:48:30

Health: 0/82       AC:  5    Str: 13    XL:     11   Next: 22%
Magic:  8/21       EV: 16    Int: 28    God:    Cheibriados [**....]
Gold:   112        SH: 11    Dex: 28    Spells: 15/23 levels left

rFire    . . .     SeeInvis +   c - +5 short sword (vamp)
rCold    . . .     Gourm    .   G - +0 buckler {AC+3}
rNeg     + . .     Faith    .   a - +1 hat
rPois    .         Spirit   .   g - +4 amulet of reflection
rElec    .         Reflect  +   i - +6 ring of dexterity
rCorr    +         Harm     .   l - ring of resist corrosion
MR       .....                  m - ring of positive energy
Stlth    +++++.....             j - ring of see invisible
Regen    0.3/turn               (no ring)
MPRegen  0.2/turn               (no ring)
                                (no ring)
                                (no ring)

@: very slow
A: almost no armour, stealthy swim, amphibious, 8 rings, constrict 8, camouflage
1, agile 2, robust 1, gelatinous body 1
a: Bend Time, Renounce Religion


You were on level 9 of the Dungeon.
You worshipped Cheibriados.
Cheibriados was pleased with you.
You were not hungry.

You visited 1 branch of the dungeon, and saw 10 of its levels.
You also visited: Ossuary.

You collected 377 gold pieces.
You spent 265 gold pieces at shops.

Inventory:

Hand Weapons
 c - a +5 vampiric short sword (weapon)
 f - a +0 short sword
 n - the cursed +2 long sword "Rummage" {flame, +Blink rPois Str+4 Stlth+}
   (You found it on level 4 of the Dungeon)

   It has been specially enchanted to burn those struck by it, causing extra
   injury to most foes and up to half again as much damage against particularly
   susceptible opponents.
   Big, fiery blades are also staple armaments of hydra-hunters.
   It affects your strength (+4).
   It protects you from poison.
   It lets you blink.
   It makes you more stealthy.
   It has a curse placed upon it.
Armour
 a - a +1 hat (worn)
 G - a +0 buckler of protection (worn)
Jewellery
 g - a +4 amulet of reflection (around mantle)
 i - a +6 ring of dexterity (left tentacle)
 j - a ring of see invisible (on tentacle)
 l - a ring of resist corrosion (right tentacle)
 m - a ring of positive energy (on tentacle)
 I - an uncursed amulet of faith {unknown}
Wands
 x - a wand of digging (10/24)
 E - a wand of enslavement (0/24)
 H - a wand of confusion (31/48)
Scrolls
 e - 5 scrolls of remove curse
 t - 2 scrolls of fog
 w - a scroll of identify
 y - a scroll of immolation
 A - 6 scrolls of random uselessness
 B - a scroll of amnesia
 D - a scroll of recharging
 J - a scroll of magic mapping
Potions
 d - a potion of lignification {unknown}
 h - 2 potions of invisibility
 o - 2 potions of flight
 p - a potion of heal wounds
 q - a potion of agility
 r - 4 potions of magic
 u - 4 potions of curing
 v - a potion of might
 z - 2 potions of brilliance
 C - a potion of cancellation
Books
 b - a book of Minor Magic

   Spells                             Type                      Level
   a - Magic Dart                     Conjuration                  1
   b - Blink                          Translocation                2
   c - Call Imp                       Summoning                    2
   d - Slow                           Hexes                        2
   e - Conjure Flame                  Conjuration/Fire             3
   f - Mephitic Cloud                 Conjuration/Poison/Air       3
Comestibles
 k - 2 meat rations
 s - 6 bread rations
 F - 3 royal jellies


   Skills:
 + Level 7.5 Fighting
 - Level 4.0 Short Blades
 - Level 3.2 Dodging
 - Level 5.4 Stealth
 - Level 4.6 Shields
 - Level 6.7 Spellcasting
 - Level 6.5 Conjurations
 - Level 4.4 Summonings
 - Level 3.2 Translocations
 - Level 3.2 Fire Magic
 + Level 7.3 Invocations


You had 15 spell levels left.
You knew the following spells:

 Your Spells              Type           Power        Failure   Level  Hunger
a - Magic Dart            Conj           ####         1%          1    None
b - Blink                 Tloc           N/A          2%          2    None
c - Call Imp              Summ           ####....     1%          2    None
d - Conjure Flame         Conj/Fire      #####...     2%          3    None


Dungeon Overview and Level Annotations

Branches:
Dungeon (10/15)            Temple (0/1) D:5            Lair (0/6) D:9
    Orc: D:9-12

Altars:
Ashenzari
Cheibriados
Dithmenos
Elyvilon
Fedhas
Hepliaklqana
Sif Muna
Vehumet
Wu Jian
Xom
Yredelemnul
Zin

Shops:
D:5 *((:   D:7 [   D:9 =

Annotations:
D:9 KristoblXynda's ghost, novice DrGl


Innate Abilities, Weirdness & Mutations

You cannot wear most types of armour.
You are very stealthy in the water. (Stealth+)
You are amphibious.
You can wear up to eight rings at the same time.
You can use your tentacles to constrict eight enemies at once.
Your skin changes colour to match your surroundings (Stealth+).
Your rubbery body absorbs attacks. (AC +1, EV +1)
You are very agile. (Dex +4)
You are robust. (+10% HP)


Message History

Aiming: Magic Dart
Press: ? - help, Shift-Dir - straight line, f/p - troll
Aim: a troll (heavily wounded)
The magic dart hits the troll.
The troll is heavily wounded.
KristoblXynda's ghost hits you. KristoblXynda's ghost burns you.
The troll bites you!
* * * LOW HITPOINT WARNING * * *
The troll claws you but does no damage. You block the troll's attack.
Casting: Magic Dart
Confirm with . or Enter, or press ? or * to list all spells.
Aiming: Magic Dart
Press: ? - help, Shift-Dir - straight line, f/p - troll
Aim: a troll (heavily wounded)
The magic dart hits the troll.
The troll is severely wounded.
KristoblXynda's ghost hits you!
* * * LOW HITPOINT WARNING * * *
KristoblXynda's ghost burns you.
You die...

*,,,,,,,**#######.##########..#..
*,,,,,,,,,......>)...............
*,,,,,,,***######.###########.∩.#
*,,,,,,,* #.# #..... *,,,,,,,*
#.# #..#.. ,,,,,,,,* #.# #.....
*******,*########.##########.....
*,,........................
*,,......W@#####.#####.....
*,,......T.# *,* #.....
*,,........# *,* #.....
*******,,........# #.# #.....
,,,,,,,,,........# #.# #.....
*,,,,,,,,........# #.# #.....
*,,,,,,,,........# #.# #.....
*,,,,,,,,........# #.# #.....
*,,,,,,,,,,,,,,,,* #.# #.....


You could see a troll and KristoblXynda's ghost.

Vanquished Creatures
  2 two-headed ogres (D:10)
  Pikel (D:5)
  Psyche (D:8)
  2 hippogriffs
  A spriggan (D:7)
  Sigmund (D:3)
  A yak (D:10)
  A wyvern (D:10)
  Edmund (D:4)
  A water moccasin (D:5)
  An orc warrior (D:8)
  2 porcupines (D:9)
  Duvessa (D:4)
  A hornet zombie (D:10)
  A black bear (D:9)
  A slave (D:6)
  An ice beast (D:5)
  A sky beast (D:5)
  A necrophage (D:8)
  4 ogres
  A phantom (D:7)
  3 centaurs
  A big kobold (D:7)
  Blork the orc (D:5)
  3 bullfrogs
  A water moccasin zombie (D:8)
  Dowan (D:4)
  3 scorpions
  5 howler monkeys
  4 wights (D:6)
  5 crimson imps
  A bullfrog skeleton (D:8)
  2 human zombies (Ossuary)
  3 orc priests
  4 hounds
  A bullfrog zombie (D:5)
  A gnoll shaman (D:7)
  4 jellies
  An iguana (D:5)
  Natasha (thrice) (D:4)
  9 orc wizards
  8 worker ants
  2 big kobold zombies (Ossuary)
  A hound skeleton (D:4)
  4 mummies (Ossuary)
  Robin (D:4)
  6 gnolls
  12 adders
  A shadow imp (D:8)
  An ooze (D:6)
  An adder skeleton (D:8)
  An adder zombie (D:7)
  5 worms
  3 dart slugs
  A leopard gecko (D:6)
  37 orcs
  5 giant cockroaches
  13 goblins
  9 hobgoblins
  12 jackals
  5 quokkas
  A ball python (D:1)
  8 bats
  6 frilled lizards
  9 kobolds
  A kobold zombie (Ossuary)
  3 orc zombies (Ossuary)
  A quokka skeleton (D:8)
  A quokka zombie (D:10)
  5 rats
246 creatures vanquished.

Vanquished Creatures (collateral kills)
  A two-headed ogre (D:10)
  A necrophage (D:10)
2 creatures vanquished.

Vanquished Creatures (others)
  A slave (D:6)
  2 crimson imps (D:6)
  An orc wizard (D:6)
  A worker ant (D:6)
  An adder (D:6)
  2 orcs (D:6)
  A fungus (D:9)
9 creatures vanquished.

Grand Total: 257 creatures vanquished

Notes
Turn   | Place    | Note
-------+----------+-------------------------------------------
     0 | D:1      | Ijustatesigmund the Octopode Wizard began the quest for the Orb.
     0 | D:1      | Reached XP level 1. HP: 11/11 MP: 4/4
   352 | D:1      | Reached XP level 2. HP: 13/17 MP: 6/6
  1505 | D:1      | Learned a level 2 spell: Blink
  2180 | D:2      | Reached XP level 3. HP: 21/21 MP: 2/7
  2641 | D:2      | Found a glowing silver altar of Zin.
  2846 | D:2      | Found a blossoming altar of Fedhas.
  2960 | D:2      | Reached skill level 1 in Fighting
  2960 | D:2      | Reached XP level 4. HP: 17/28 MP: 0/9
  3405 | D:2      | Found a faded altar of an unknown god.
  3948 | D:3      | Reached XP level 5. HP: 34/34 MP: 1/11
  3964 | D:3      | Gained mutation: You are agile. (Dex +2) [potion of mutation]
  3964 | D:3      | Gained mutation: You are very agile. (Dex +4) [potion of mutation]
  3964 | D:3      | Gained mutation: You are robust. (+10% HP) [potion of mutation]
  4027 | D:3      | Learned a level 2 spell: Call Imp
  4031 | D:3      | Learned a level 3 spell: Conjure Flame
  4066 | D:3      | Noticed Sigmund
  4137 | D:4      | Noticed Duvessa
  4158 | D:4      | Noticed Natasha
  4165 | D:4      | Killed Natasha
  4165 | D:4      | Reached skill level 1 in Short Blades
  4448 | D:4      | Reached XP level 6. HP: 23/42 MP: 0/12
  4593 | D:4      | Found a radiant altar of Vehumet.
  4595 | D:4      | Found a white marble altar of Elyvilon.
  4823 | D:4      | Got a scorched long sword
  4824 | D:4      | Identified the cursed +2 long sword "Rummage" {flame, +Blink rPois Str+4 Stlth+} (You found it on level 4 of the Dungeon)
  4906 | D:4      | Noticed a hippogriff
  4993 | D:3      | Killed Sigmund
  4993 | D:3      | Reached XP level 7. HP: 37/49 MP: 0/13
  5190 | D:3      | Found a deep blue altar of Sif Muna.
  5267 | D:3      | Found a hazy altar of Hepliaklqana.
  5268 | D:3      | Found a shimmering altar of Xom.
  5268 | D:3      | Noticed a tentacled monstrosity
  5269 | D:3      | Noticed a spectral ugly thing
  5269 | D:3      | Noticed a tentacled monstrosity
  5309 | D:4      | Noticed Dowan
  5312 | D:4      | Killed Dowan
  5321 | D:4      | Killed Duvessa
  5744 | D:4      | Noticed Robin
  5859 | D:4      | Killed Robin
  5863 | D:4      | Noticed Edmund
  6101 | D:4      | Killed a hippogriff
  6101 | D:4      | Reached skill level 1 in Fire Magic
  6101 | D:4      | Reached XP level 8. HP: 15/57 MP: 3/14
  6794 | D:4      | Noticed Natasha
  6799 | D:4      | Killed Natasha
  6837 | D:4      | Noticed Natasha
  6841 | D:4      | Killed Natasha
  6997 | D:4      | Killed Edmund
  7302 | D:4      | Reached skill level 5 in Spellcasting
  7617 | D:5      | Entered Level 5 of the Dungeon
  7672 | D:5      | Found a sand-covered staircase.
  7676 | Ossuary  | Entered an ossuary
  8424 | D:5      | Reached skill level 5 in Conjurations
  8605 | D:5      | Found a snail-covered altar of Cheibriados.
  8606 | D:5      | Found Joibleni's Assorted Antiques.
  8616 | D:5      | Bought a sapphire potion for 26 gold pieces
  8616 | D:5      | Bought a scroll labeled TOTZAL DIHIRCH for 29 gold pieces
  8669 | D:5      | Reached XP level 9. HP: 62/62 MP: 5/17
  8765 | D:5      | Found Hagrunt's Book Boutique.
  8782 | D:5      | Found Yfiteutu's Antique Weapon Shop.
  9167 | D:5      | Found Xiom's Antique Weapon Shop.
  9197 | D:5      | Noticed Blork the orc
  9212 | D:5      | Killed Blork the orc
  9356 | D:5      | Found a staircase to the Ecumenical Temple.
  9876 | D:6      | Noticed Pikel
  9891 | D:5      | HP: 3/62 [Pikel/whip of flaming (5)]
  9896 | D:5      | HP: 2/62 [Pikel/whip of flaming (3)]
  9904 | D:5      | HP: 2/62 [Pikel/whip of flaming (4)]
  9906 | D:5      | Killed Pikel
 10385 | D:6      | Found a shattered altar of Ashenzari.
 10531 | D:6      | Found a shattered altar of Ashenzari.
 10684 | D:6      | Found a shadowy altar of Dithmenos.
 10974 | D:6      | Reached skill level 5 in Stealth
 11403 | D:5      | Became a worshipper of Cheibriados the Contemplative
 11477 | D:7      | Reached skill level 1 in Invocations
 12268 | D:7      | Reached XP level 10. HP: 55/69 MP: 18/20
 12278 | D:7      | Reached * piety under Cheibriados
 12894 | D:7      | Found Mitsoet's Antique Armour Shoppe.
 13197 | D:7      | Reached skill level 5 in Fighting
 13268 | D:7      | Found a basalt altar of Yredelemnul.
 13268 | D:7      | Found an ornate altar of the Wu Jian Council.
 13352 | D:7      | Reached skill level 1 in Shields
 13552 | D:8      | Noticed a two-headed ogre
 13653 | D:8      | Noticed Psyche
 13656 | D:8      | Killed Psyche
 13885 | D:8      | Reached ** piety under Cheibriados
 14307 | D:8      | Noticed a two-headed ogre
 14714 | D:9      | Found Jaufucs's Jewellery Shoppe.
 14718 | D:9      | Noticed KristoblXynda's ghost (novice DrGl)
 14990 | D:7      | Bought a glowing buckler for 210 gold pieces
 15358 | D:10     | Entered Level 10 of the Dungeon
 15587 | D:10     | Killed a two-headed ogre
 15634 | D:10     | Noticed a two-headed ogre
 15644 | D:10     | Reached skill level 5 in Invocations
 16011 | D:10     | Noticed a two-headed ogre
 16021 | D:10     | Killed a two-headed ogre
 16021 | D:10     | Reached XP level 11. HP: 79/81 MP: 21/21
 16031 | D:10     | Killed a two-headed ogre
 16669 | D:9      | HP: 2/82 [KristoblXynda's ghost (14)]
 16669 | D:9      | Slain by KristoblXynda's ghost

Vault maps used:
D:1:      scummos_arrival_star, minmay_crystal_room, minmay_misc_feat_tower
D:2:      zin_scriptorium, old_standard_altar, chequers_ecumenical_altar_lobes
D:3:      regret_index_temple_of_mockery, first_bread, lemuel_blue_sif_altar,
          uniq_sigmund
D:4:      elyvilon_altar_1, vehumet_crystals, minivault_14, kennysheep_potato,
          uniq_natasha, uniq_edmund, uniq_robin, uniq_duvessa
D:5:      lemuel_crystal_altar, minmay_temple_entry_statues, serial_shops,
          shop_fountains, nicolae_shop_competitors_out_of_business, shop,
          kennysheep_mini_moat, enter_ossuary_5, patterned_corridor,
          uniq_blork_the_orc
D:6:      marbit_many_paths, old_standard_altar, basic_altar, uniq_pikel
D:7:      amethyst_overflow_temple_binary, serial_shops, nicolae_shop_crystal,
          the_bakery
D:8:      minmay_weird_star, serial_glass, glass_columns_b, glass_columns_a,
          glass_columns_a, glass_columns_a, glass_columns_b, glass_columns_a,
          glass_columns_b, glass_columns_c, glass_columns_b, glass_columns_b,
          uniq_psyche
D:9:      grunt_lair_entry_orc_guard_hut, serial_shops, nicolae_shop_stone
D:10:     minmay_misc_feat_four_crosses
Ossuary:  ossuary_crypta

Skill      XL: |  1  2  3  4  5  6  7  8  9 10 11 |
---------------+----------------------------------+-----
Conjurations   | 2 3 5 6 |  6.5
Fighting       | 1 2 3 6 7 |  7.5
Spellcasting   | 4 5 6 |  6.7
Short Blades   | 2 3 4 |  4.0
Translocations | 2 3 |  3.2
Dodging        | 3 |  3.2
Fire Magic     | 1 3 |  3.2
Summonings     | 2 4 |  4.4
Stealth        | 5 |  5.4
Invocations    | 2 6 7 |  7.3
Shields        | 4 |  4.6

Action                   |  1- 3 |  4- 6 |  7- 9 | 10-12 || total
-------------------------+-------+-------+-------+-------++-------
Melee: Dagger            |    15 |       |       |       ||    15
       Constrict         |     8 |    13 |    37 |    21 ||    79
       Tentacles         |     4 |    12 |    46 |    50 ||   112
       Short sword       |    12 |    44 |   172 |   147 ||   375
 Cast: Magic Dart        |    93 |   102 |   403 |   136 ||   734
       Blink             |       |     3 |     6 |    13 ||    22
       Conjure Flame     |       |     2 |     9 |     4 ||    15
       Call Imp          |       |       |     1 |     4 ||     5
Invok: Bend Time         |       |       |       |     2 ||     2
  Use: Scroll            |     6 |     7 |    13 |    14 ||    40
       Potion            |       |     3 |     7 |     2 ||    12
 Stab: Sleeping          |       |     4 |     5 |     8 ||    17
       Distracted        |       |       |       |     1 ||     1
  Eat: Chunk             |     2 |     6 |    17 |     2 ||    27
       Bread ration      |     1 |     1 |       |       ||     2
       Royal jelly       |       |       |     3 |       ||     3
       Meat ration       |       |       |       |     1 ||     1
Armor: Skin              |     3 |     1 |    14 |    14 ||    32
Dodge: Dodged            |    34 |    49 |   159 |   134 ||   376
Block: Other             |       |       |    20 |     8 ||    28
       Reflection        |       |       |     2 |     7 ||     9
       Buckler           |       |       |       |    92 ||    92
